 Dungeon Crawl Stone Soup version 0.29.0-4-gdea44cf6ec (webtiles) character file.

Game seed: 10209449371920367176

537 qw the Cleaver (level 7, -2/41 HPs)
             Began as a Tengu Warper on Aug 28, 2022.
             Slain by a wyvern (14 damage)
             ... on level 5 of the Dungeon.
             The game lasted 00:00:26 (3884 turns).

qw the Cleaver (Tengu Warper)                       Turns: 3884, Time: 00:00:26

Health: -2/41      AC:  7    Str: 19    XL:     7   Next: 25%
Magic:  11/11      EV: 12    Int: 13    God:
Gold:   220        SH:  5    Dex: 14    Spells: 10/10 levels left

rFire   . . .      SeeInvis .   Y - +1 hand axe
rCold   . . .      Faith    .   (no shield)
rNeg    . . .      Spirit   .   b - +0 scale mail
rPois   .          Reflect  +   (helmet restricted)
rElec   .          Harm     .   e - +0 cloak
rCorr   .          Rampage  .   (no gloves)
Will    .....                   (boots unavailable)
Stlth   ..........              a - amulet of reflection
HPRegen 0.13/turn               n - +6 ring of strength
MPRegen 0.12/turn               (no ring)

@: flying quickly and evasively, quick
A: beak, talons 3, nimble flight
a: no special abilities


You were on level 5 of the Dungeon.
You visited 1 branch of the dungeon, and saw 6 of its levels.

You collected 274 gold pieces.
You spent 54 gold pieces at shops.


Innate Abilities, Weirdness & Mutations

You have a beak for a mouth.
You have claws for feet.
Your magical nature lets you fly swiftly and evasively.


   Skills:
 - Level 3.0 Fighting
 - Level 8.1 Axes
 - Level 1.0 Throwing
 + Level 1.1 Armour
 - Level 2.1 Dodging
 - Level 2.0 Spellcasting
 - Level 2.4 Translocations


You had 10 spell levels left.
You didn't know any spells.
Your spell library contained the following spells:

 Spells                   Type           Power      Damage    Failure   Level
 Blink                    Tloc           14%        N/A       41%         2
 Gell's Gravitas          Tloc           7%         N/A       65%         3
 Lesser Beckoning         Tloc           7%         N/A       65%         3
 Teleport Other           Tloc           7%         N/A       65%         3
 Manifold Assault         Tloc           7%         N/A       100%        5

Inventory:

Hand Weapons
 c - a +2 whip of flaming
 Y - a +1 hand axe (weapon)
Missiles
 i - 4 boomerangs (quivered)
Armour
 b - a +0 scale mail (worn)
 e - a +0 cloak (worn)
Jewellery
 a - an amulet of reflection (around neck)
 n - a +6 ring of strength (left hand)
Scrolls
 d - a scroll of noise {unknown}
 f - a scroll of identify
Potions
 g - 4 potions of curing
 h - 3 potions of heal wounds
 j - a potion of haste {unknown}
 k - 2 potions of resistance
 p - a potion of cancellation

Dungeon Overview and Level Annotations

Branches:
Dungeon (6/15)
 Temple: D:4-7

Altars:
Hepliaklqana
Makhleb
Qazlal
Sif Muna
Uskayaw
Vehumet
Zin

Shops:
D:1 !*


Message History

Enter note:
d - a scroll labelled KAENWU MAOBRI
j - a yellow potion A wyvern comes into view.
The wyvern hisses angrily.
Throw: 4 boomerangs
Press: ? - help, Q - select action Shift-Dir - straight line, f - wyvern You throw a boomerang.
The boomerang completely misses the wyvern.
Throw: 4 boomerangs
Press: ? - help, Q - select action Shift-Dir - straight line, f/p - wyvern You throw a boomerang.
The boomerang barely misses the wyvern.
The wyvern closely misses you.
You closely miss the wyvern. You claw the wyvern.
The wyvern is lightly wounded.
The wyvern bites you!
You slash the wyvern! Your peck misses the wyvern.
The wyvern is heavily wounded.
You block the wyvern's attack.
You barely miss the wyvern. Your kick misses the wyvern.
You peck the wyvern, but do no damage.
The wyvern is heavily wounded.
The wyvern bites you but does no damage.
The wyvern bites you!
You slash the wyvern! You claw the wyvern, but do no damage.
You peck the wyvern.
The wyvern is severely wounded.
The wyvern bites you but does no damage.
You hit the wyvern.
The wyvern is severely wounded.
The wyvern hisses menacingly.
The wyvern bites you but does no damage.
You hit the wyvern but do no damage.
The wyvern is severely wounded.
The wyvern bites you! The wyvern bites you.
You hit the wyvern. You claw the wyvern, but do no damage.
Your peck misses the wyvern.
The wyvern is almost dead.
The wyvern bites you!
You die...

... ... ###### #.#
#....# #.# #....# #.#
#....# ..# #....#
.############....#
.)...............#
.###########....@####
.######....#.....l......
.)......................
##.####.#<.#.####.......
.. #..#.# ....... .#
#..#.# ....... .. ...#.#
....... .#..#.# .......
#.#..#.#


You could see a wyvern.

Vanquished Creatures
  Sigmund (D:3)
  An ogre (D:5)
  A scorpion (D:4)
  A bullfrog (D:5)
  A hound (D:4)
  An orc priest (D:6)
  An iguana (D:5)
  An adder (D:4)
  A gnoll (D:4)
  A white imp (D:5)
  A dart slug (D:2)
  3 orcs
  4 bats
  4 endoplasms
  2 giant cockroaches (D:2)
  8 goblins
  6 hobgoblins
  11 kobolds
  3 quokkas
  5 ball pythons
  A frilled lizard (D:2)
  6 rats
64 creatures vanquished.

Notes
Turn   | Place    | Note
-------+----------+-------------------------------------------
     0 | D:1      | qw the Tengu Warper began the quest for the Orb.
     0 | D:1      | Reached XP level 1. HP: 12/12 MP: 4/4
     0 | D:1      | 0 ||| qw: Version: 0.1-a-89-g26bdef1
     0 | D:1      | 0 ||| qw: Game counter: 290
     0 | D:1      | 0 ||| qw: Always use a shield: true
     0 | D:1      | 0 ||| qw: God list: Okawaru
     0 | D:1      | 0 ||| qw: Allow faded altars: false
     0 | D:1      | 0 ||| qw: Do Orc after D:15 true
     0 | D:1      | 0 ||| qw: Do second Lair branch before Depths: true
     0 | D:1      | 0 ||| qw: Lair rune preference: random
     0 | D:1      | 0 ||| qw: Plans: Normal
     0 | D:1      | 0 ||| PLANNING D:1-11
   105 | D:1      | 105 ||| Stepping ~*~*~tactically~*~*~ (stealth).
   132 | D:1      | 132 ||| DROPPING +0 club.
   164 | D:1      | Reached XP level 2. HP: 17/17 MP: 6/6
   166 | D:1      | Reached skill level 3 in Axes
   282 | D:1      | 282 ||| Stepping ~*~*~tactically~*~*~ (stealth).
   302 | D:1      | 302 ||| Stepping ~*~*~tactically~*~*~ (stealth).
   303 | D:1      | 303 ||| Stepping ~*~*~tactically~*~*~ (stealth).
   305 | D:1      | 305 ||| Stepping ~*~*~tactically~*~*~ (stealth).
   310 | D:1      | 310 ||| Stepping ~*~*~tactically~*~*~ (stealth).
   311 | D:1      | 311 ||| Stepping ~*~*~tactically~*~*~ (stealth).
   313 | D:1      | 313 ||| Stepping ~*~*~tactically~*~*~ (stealth).
   320 | D:1      | 320 ||| Stepping ~*~*~tactically~*~*~ (stealth).
   321 | D:1      | 321 ||| Stepping ~*~*~tactically~*~*~ (stealth).
   324 | D:1      | 324 ||| Stepping ~*~*~tactically~*~*~ (stealth).
   494 | D:1      | 494 ||| Stepping ~*~*~tactically~*~*~ (stealth).
   543 | D:1      | Found Qicin's General Store.
   556 | D:1      | 556 ||| SHOPLISTING potion of mutation (96 gold, have 72).
   556 | D:1      | 556 ||| SHOPLISTING ring "Qipsem" {rPois rC+ rN+ Dex-2}
                  | (408 gold, have 72).
   556 | D:1      | 556 ||| SHOPLISTING ring of resist corrosion (240 gold,
                  | have 72).
   556 | D:1      | 556 ||| BUYING scroll of identify (24 gold).
   556 | D:1      | Bought a scroll of identify for 24 gold pieces
   608 | D:1      | Found a faded altar of an unknown god.
   623 | D:1      | Found Asicovo's Distillery.
   631 | D:1      | 631 ||| Stepping ~*~*~tactically~*~*~ (stealth).
   768 | D:1      | 768 ||| BUYING potion of curing (30 gold).
   768 | D:1      | Bought a potion of curing for 30 gold pieces
   768 | D:1      | 768 ||| SHOPLISTING potion of curing (30 gold, have 18).
   768 | D:1      | 768 ||| SHOPLISTING potion of haste (100 gold, have 18).
   888 | D:1      | 888 ||| UPGRADING to +0 cloak.
   893 | D:1      | 893 ||| UPGRADING to +0 ring mail.
   903 | D:1      | 903 ||| DROPPING +0 leather armour.
   904 | D:1      | 904 ||| UPGRADING to +6 ring of strength.
   905 | D:1      | 905 ||| READING scroll labelled HIXUFAYMPI.
   909 | D:1      | 909 ||| READING scroll labelled DENKARR BYUCA.
   910 | D:1      | 910 ||| READING scroll labelled XUPOGUESUA.
   911 | D:1      | 911 ||| READING 4 scrolls of identify.
   911 | D:1      | 911 ||| IDENTIFYING inky potion
   912 | D:1      | 912 ||| READING 3 scrolls of identify.
   912 | D:1      | 912 ||| IDENTIFYING bubbling sapphire potion
   913 | D:1      | 913 ||| READING 2 scrolls of identify.
   913 | D:1      | 913 ||| IDENTIFYING sapphire potion
   914 | D:1      | 914 ||| DROPPING scroll of blinking.
   915 | D:1      | 915 ||| DROPPING potion of lignification.
   916 | D:1      | 916 ||| DROPPING potion of flight.
   958 | D:2      | Reached XP level 3. HP: 21/21 MP: 7/7
   984 | D:2      | 984 ||| Stepping ~*~*~tactically~*~*~ (stealth).
  1064 | D:2      | Reached skill level 4 in Axes
  1120 | D:2      | 1120 ||| Stepping ~*~*~tactically~*~*~ (stealth).
  1609 | D:2      | 1609 ||| UPGRADING to +0 scale mail.
  1619 | D:2      | 1619 ||| DROPPING +0 ring mail.
  1620 | D:2      | 1620 ||| UPGRADING to amulet of reflection.
  1625 | D:2      | 1625 ||| DRINKING 3 orange potions.
  1626 | D:2      | 1626 ||| DROPPING 2 potions of brilliance.
  1750 | D:3      | Noticed Sigmund
  1755 | D:3      | HP: 5/21 [poisoned by Sigmund]
  1756 | D:3      | 1756 ||| DRINKING potion of heal wounds.
  1759 | D:3      | Killed Sigmund
  1760 | D:3      | Reached skill level 6 in Axes
  1760 | D:3      | Reached XP level 4. HP: 6/26 MP: 8/8
  1760 | D:3      | Gained mutation: Your magical nature lets you fly swiftly
                  | and evasively. [Tengu growth]
  1760 | D:3      | Reached XP level 5. HP: 7/30 MP: 9/9
  1760 | D:3      | 1760 ||| DRINKING 4 potions of curing.
  1760 | D:3      | 1760 ||| (to cure poison)
  1924 | D:3      | Found a burning altar of Makhleb.
  2037 | D:3      | Found a shimmering blue altar of Sif Muna.
  2179 | D:3      | Found a faded altar of an unknown god.
  2183 | D:3      | Found a stormy altar of Qazlal.
  2604 | D:3      | 2604 ||| READING scroll labelled WOPLAIL MYTIH.
  2605 | D:3      | 2605 ||| READING scroll labelled BEDECU OMNISH.
  2606 | D:3      | 2606 ||| DRINKING 2 fizzy cyan potions.
  2607 | D:3      | 2607 ||| READING 2 scrolls of identify.
  2607 | D:3      | 2607 ||| IDENTIFYING ruby potion
  2608 | D:3      | 2608 ||| DROPPING potion of degeneration.
  2815 | D:3      | 2815 ||| READING scroll of teleportation.
  2816 | D:3      | 2816 ||| STAIRDANCE
  2867 | D:4      | Found a radiant altar of Vehumet.
  2910 | D:4      | Found a hide-covered altar of Uskayaw.
  3021 | D:4      | Reached skill level 7 in Axes
  3021 | D:4      | Reached XP level 6. HP: 33/35 MP: 10/10
  3076 | D:4      | 3076 ||| DROPPING +0 whip.
  3086 | D:4      | Found a hazy altar of Hepliaklqana.
  3197 | D:4      | 3197 ||| Stepping ~*~*~tactically~*~*~ (stealth).
  3369 | D:4      | Found a glowing silver altar of Zin.
  3369 | D:4      | Noticed an angel
  3435 | D:4      | 3435 ||| DRINKING 2 clear potions.
  3436 | D:4      | 3436 ||| DRINKING 2 murky yellow potions.
  3437 | D:4      | 3437 ||| DROPPING potion of attraction.
  3468 | D:3      | 3468 ||| Stepping randomly (stuck).
  3510 | D:3      | You are sucked into a shaft and drop 3 floors!
  3527 | D:6      | 3527 ||| Stepping ~*~*~tactically~*~*~ (hiding).
  3535 | D:6      | Reached skill level 3 in Fighting
  3559 | D:6      | 3559 ||| READING 2 scrolls of identify.
  3559 | D:6      | 3559 ||| IDENTIFYING fuming clear potion
  3560 | D:6      | 3560 ||| DROPPING potion of invisibility.
  3567 | D:5      | Entered Level 5 of the Dungeon
  3607 | D:5      | 3607 ||| Stepping ~*~*~tactically~*~*~ (hiding).
  3618 | D:5      | 3618 ||| Stepping ~*~*~tactically~*~*~ (stealth).
  3750 | D:5      | 3750 ||| Stepping ~*~*~tactically~*~*~ (stealth).
  3753 | D:5      | 3753 ||| Stepping ~*~*~tactically~*~*~ (stealth).
  3762 | D:5      | Reached XP level 7. HP: 40/41 MP: 11/11
  3772 | D:5      | Reached skill level 8 in Axes
  3791 | D:3      | 3791 ||| Stepping randomly (stuck).
  3839 | D:3      | 3839 ||| Stepping randomly (stuck).
  3874 | D:5      | Noticed a wyvern
  3884 | D:5      | Slain by a wyvern

Levels and vault maps discovered:
D:1:      onia_arrival_mini_maze_b, layout_rooms, serial_shops, shop,
          nicolae_shop_waterfront, ebering_ecumenical_altar_webs,
          minmay_split_cup_large
D:2:      layout_basic
D:3:      layout_basic, nicolae_sif_muna_condensation,
          nicolae_overflow_ecumenical_swirl, lightli_temple_of_fire,
          uniq_sigmund
D:4:      layout_cave_pools, zin_angel, eat_drink_and_be_merry_uskayaw,
          mainiacjoe_overflow_small_starburst, nzn_hepliaklqana_mist_gate,
          st_stairs_2
D:5:      layout_basic, tso_altar
D:6:      minmay_chambers_of_fours, layout_layer_cave, bloody_trog,
          gammafunk_ghost_arena, minmay_microvault, uniq_crazy_yiuf_cottage,
          uniq_blork_the_orc, uniq_grinder, uniq_menkaure

Skill      XL: |  1  2  3  4  5  6  7 |
---------------+----------------------+-----
Axes           | 3 6 7 8 |  8.1
Fighting       | 3 |  3.0
Throwing       | |  1.0
Armour         | |  1.1
Dodging        | |  2.1
Spellcasting   | |  2.0
Translocations | |  2.4

Action                   |  1- 3 |  4- 6 |  7- 9 || total
-------------------------+-------+-------+-------++-------
Melee: Hand axe          |    86 |    64 |    10 ||   160
       Peck              |    11 |     8 |     2 ||    21
       Kick              |    22 |    13 |     5 ||    40
       Punch             |       |     1 |       ||     1
Throw: Boomerang         |     7 |    33 |     6 ||    46
  Use: Scroll            |     6 |     5 |       ||    11
       Potion            |     2 |     4 |       ||     6
Armor: Leather armour    |    16 |       |       ||    16
       Ring mail         |     9 |       |       ||     9
       Scale mail        |     1 |    10 |     3 ||    14
Dodge: Dodged            |    37 |    23 |     1 ||    61
Block: Other             |       |    14 |     2 ||    16

Table legend:
 A = Non-vault XP
 B = Vault XP
 C = Vault XP percentage of total XP
 D = Non-vault monster count
 E = Vault monster count
 F = Vault count percentage of total count
                 A         B        C        D         E       F
            +---------+---------+-------+---------+---------+-------
      Total |     528 |     240 |  31.2 |      56 |       8 |  12.5
            +---------+---------+-------+---------+---------+-------
        D:1 |      24 |       6 |  20.0 |      16 |       4 |  20.0
        D:2 |      28 |       0 |   0.0 |      16 |       0 |   0.0
        D:3 |      10 |     214 |  95.5 |       6 |       1 |  14.3
        D:4 |     161 |      20 |  11.0 |      12 |       3 |  20.0
        D:5 |     262 |       0 |   0.0 |       5 |       0 |   0.0
        D:6 |      43 |       0 |   0.0 |       1 |       0 |   0.0
            +---------+---------+-------+---------+---------+-------
